TOP OF THE 1ST |
Danville Braves batting - Pitching for Miami (APP) Marlins : RHP Cesar Jimenez
|
Pitching: RHP Cesar Jimenez
|
|
Batting: RHB Richard Saquic
|
0-0: Ball 1-0: Foul Ball, location: 2F 1-1: Foul Ball, location: 2F 1-2: Foul Ball, location: 2F 1-2: Strikes out looking
|
Batting: RHB Manny Hensley
|
0-0: Ball 1-0: Ground out 6-3 (Groundball, 6, EV 97.5 MPH)
|
Batting: LHB Ricardo Sandoval
|
0-0: Called Strike 0-1: Called Strike 0-2: Ball 1-2: Ground out U3 (Groundball, 3L, EV 110.0 MPH)
|
Top of the 1st over - 0 runs, 0 hits, 0 errors, 0 left on base; Danville 0 - Miami (APP) 0 |
BOTTOM OF THE 1ST |
Miami (APP) Marlins batting - Pitching for Danville Braves : RHP Gabe Fillmore
|
Pitching: RHP Gabe Fillmore
|
|
Batting: LHB Orlando Rivera
|
0-0: Ball 1-0: Called Strike 1-1: Ball 2-1: DOUBLE (Line Drive, 89D, EV 113.8 MPH)
|
Batting: RHB Robbie Gomez
|
0-0: Ground out 5-3 (Groundball, 56, EV 103.8 MPH)
|
Batting: LHB Dong-u Chang
|
0-0: Foul Ball, location: 2F 0-1: Ball Wild Pitch! Orlando Rivera to third 1-1: Swinging Strike 1-2: Foul Ball, location: 2F 1-2: Ball 2-2: SINGLE (Groundball, 34S, EV 63.8 MPH) (infield hit)
|
Batting: RHB Jason Thrash
|
0-0: Foul Ball, location: 2F 0-1: Foul Ball, location: 2F 0-2: SINGLE (Groundball, 4D, EV 98.1 MPH) Orlando Rivera scores Dong-u Chang to second Runner from 2nd tries for 3rd, SAFE, throw by CF made to third
|
Batting: RHB George Boivin
|
0-0: Swinging Strike 0-1: Swinging Strike 0-2: Ball 1-2: Strikes out swinging
|
Batting: SHB Greg Rivera
|
0-0: Ball 1-0: Ball 2-0: Called Strike 2-1: Foul Ball, location: 2F 2-2: 3-RUN HOME RUN (Line Drive, 9D, EV 102.5 MPH), Distance : 375 ft
|
Batting: RHB Axel Moltke
|
0-0: Ball 1-0: Ground out U3 (Groundball, 13, EV 91.9 MPH)
|
Bottom of the 1st over - 4 runs, 4 hits, 0 errors, 0 left on base; Danville 0 - Miami (APP) 4 |
TOP OF THE 2ND |
Danville Braves batting - Pitching for Miami (APP) Marlins : RHP Cesar Jimenez
|
Batting: RHB Chris Trites
|
0-0: Ball 1-0: Swinging Strike 1-1: Foul Ball, location: 2F 1-2: Ball 2-2: Strikes out looking
|
Batting: SHB Karl Starnes
|
0-0: Called Strike 0-1: Fly out, F8 (Line Drive, 8LD, EV 94.4 MPH)
|
Batting: RHB Tony Cabrera
|
0-0: Ball 1-0: Hit by Pitch
|
Batting: LHB Mitsujiro Tanaka
|
0-0: Foul Ball, location: 2F 0-1: Swinging Strike 0-2: Ball Tony Cabrera is caught stealing 2nd base 2-6
|
Top of the 2nd over - 0 runs, 0 hits, 0 errors, 0 left on base; Danville 0 - Miami (APP) 4 |
BOTTOM OF THE 2ND |
Miami (APP) Marlins batting - Pitching for Danville Braves : RHP Gabe Fillmore
|
Batting: RHB Torquato Uso
|
0-0: Ball 1-0: Foul Ball, location: 2F 1-1: Fly out, F4 (Popup, 4M, EV 65.6 MPH)
|
Batting: RHB Terrell Smith
|
0-0: Ball 1-0: Fly out, F9 (Flyball, 9, EV 82.5 MPH)
|
Batting: LHB Orlando Rivera
|
0-0: SINGLE (Groundball, 4MD, EV 105.0 MPH) (infield hit)
|
Batting: RHB Robbie Gomez
|
0-0: Swinging Strike 0-1: Ball 1-1: DOUBLE (Line Drive, 89D, EV 106.2 MPH) Orlando Rivera to third Runner from 3rd tries for Home, throw by RF and OUT! 9-4-2
|
Bottom of the 2nd over - 0 runs, 2 hits, 0 errors, 1 left on base; Danville 0 - Miami (APP) 4 |
TOP OF THE 3RD |
Danville Braves batting - Pitching for Miami (APP) Marlins : RHP Cesar Jimenez
|
Batting: LHB Mitsujiro Tanaka
|
0-0: Called Strike 0-1: Ball 1-1: Foul Ball, location: 2F 1-2: Strikes out swinging
|
Batting: LHB Diego Garcia
|
0-0: Ball 1-0: Foul Ball, location: 2F 1-1: Ground out 6-3 (Groundball, 6, EV 90.6 MPH)
|
Batting: RHB Rodolfo Cosme
|
0-0: Swinging Strike 0-1: Foul Ball, location: 2F 0-2: Ball 1-2: Ball 2-2: Foul Ball, location: 2F 2-2: Foul Ball, location: 2F 2-2: Foul Ball, location: 2F 2-2: Strikes out swinging
|
Top of the 3rd over - 0 runs, 0 hits, 0 errors, 0 left on base; Danville 0 - Miami (APP) 4 |
BOTTOM OF THE 3RD |
Miami (APP) Marlins batting - Pitching for Danville Braves : RHP Gabe Fillmore
|
Batting: LHB Dong-u Chang
|
0-0: Foul Ball, location: 2F 0-1: Foul Ball, location: 2F 0-2: SINGLE (Groundball, 56D, EV 98.8 MPH)
|
Batting: RHB Jason Thrash
|
0-0: Called Strike 0-1: Ball 1-1: Fly out, F3 (Popup, 34S, EV 80.6 MPH)
|
Batting: RHB George Boivin
|
0-0: Called Strike 0-1: Swinging Strike 0-2: 2-RUN HOME RUN (Flyball, 7LD, EV 89.4 MPH), Distance : 343 ft
|
Batting: SHB Greg Rivera
|
0-0: Ball 1-0: Foul Ball, location: 2F 1-1: Foul Ball, location: 2F 1-2: Strikes out swinging, 2-3 out at first.
|
Batting: RHB Axel Moltke
|
0-0: Ground out 6-3 (Groundball, 6M, EV 85.6 MPH)
|
Bottom of the 3rd over - 2 runs, 2 hits, 0 errors, 0 left on base; Danville 0 - Miami (APP) 6 |
TOP OF THE 4TH |
Danville Braves batting - Pitching for Miami (APP) Marlins : RHP Cesar Jimenez
|
Batting: RHB Richard Saquic
|
0-0: Called Strike 0-1: Ball 1-1: Foul Ball, location: 2F 1-2: Fly out, F8 (Flyball, 8LM, EV 85.6 MPH)
|
Batting: RHB Manny Hensley
|
0-0: Called Strike 0-1: Called Strike 0-2: Ball 1-2: Foul Ball, location: 2F 1-2: Ball 2-2: Ground out 6-3 (Groundball, 6, EV 78.1 MPH)
|
Batting: LHB Ricardo Sandoval
|
0-0: Called Strike 0-1: Ball 1-1: Swinging Strike 1-2: SINGLE (Line Drive, 7S, EV 106.9 MPH)
|
Batting: RHB Chris Trites
|
0-0: Called Strike Ricardo Sandoval steals 2nd base 0-1: Foul Ball, location: 2F 0-2: Ball 1-2: Ball 2-2: Fly out, F8 (Flyball, 8LD, EV 99.4 MPH)
|
Top of the 4th over - 0 runs, 1 hit, 0 errors, 1 left on base; Danville 0 - Miami (APP) 6 |
BOTTOM OF THE 4TH |
Miami (APP) Marlins batting - Pitching for Danville Braves : RHP Gabe Fillmore
|
Batting: RHB Torquato Uso
|
0-0: Called Strike 0-1: Foul Ball, location: 2F 0-2: Foul Ball, location: 2F 0-2: Ball 1-2: Foul Ball, location: 2F 1-2: Hit by Pitch
|
Pitching: RHP Geronimo Savio
|
|
Batting: RHB Terrell Smith
|
0-0: Called Strike 0-1: Swinging Strike 0-2: Ball 1-2: Ball 2-2: Ball 3-2: Base on Balls Torquato Uso to second
|
Batting: LHB Orlando Rivera
|
0-0: Fielders Choice at 2nd, 3-6 (Groundball, 34S, EV 81.9 MPH) Torquato Uso to third
|
Batting: RHB Robbie Gomez
|
0-0: Foul Ball, location: 2F 0-1: Ball 1-1: SINGLE (Groundball, 25, EV 65.6 MPH) (infield hit) Orlando Rivera to second
|
Batting: LHB Dong-u Chang
|
0-0: Ball 1-0: Swinging Strike 1-1: Foul Ball, location: 2F 1-2: Ball 2-2: Ball 3-2: Foul Ball, location: 2F 3-2: SINGLE (Groundball, 4MS, EV 75.6 MPH) (infield hit) Torquato Uso scores Orlando Rivera to third Robbie Gomez to second
|
Batting: RHB Jason Thrash
|
0-0: Ball 1-0: Called Strike 1-1: Foul Ball, location: 2F 1-2: Foul Ball, location: 2F 1-2: Ball 2-2: Strikes out swinging
|
Batting: RHB George Boivin
|
0-0: Ball 1-0: SINGLE (Groundball, 5S, EV 75.0 MPH) (infield hit) Orlando Rivera scores Robbie Gomez to third Dong-u Chang to second
|
Batting: SHB Greg Rivera
|
0-0: Ball 1-0: Ball 2-0: Swinging Strike 2-1: Foul Ball, location: 2F 2-2: Ball 3-2: Foul Ball, location: 2F 3-2: Base on Balls Robbie Gomez scores Dong-u Chang to third George Boivin to second
|
Batting: RHB Axel Moltke
|
0-0: Called Strike 0-1: Ball Passed Ball! Dong-u Chang scores George Boivin to third Greg Rivera to second 1-1: Foul Ball, location: 2F 1-2: SINGLE (Groundball, 4D, EV 110.6 MPH) George Boivin scores Greg Rivera to third Runner from 3rd tries for Home, SAFE, throw by RF to home
|
Pitching: RHP Tyler Duffy
|
|
Batting: RHB Torquato Uso
|
0-0: Foul Ball, location: 2F 0-1: Ball 1-1: Ground out 1-3 (Groundball, 34S, EV 70.0 MPH)
|
Bottom of the 4th over - 6 runs, 4 hits, 0 errors, 1 left on base; Danville 0 - Miami (APP) 12 |
TOP OF THE 5TH |
Danville Braves batting - Pitching for Miami (APP) Marlins : RHP Cesar Jimenez
|
Batting: SHB Karl Starnes
|
0-0: Ball 1-0: Fly out, F8 (Flyball, 8LM, EV 82.5 MPH)
|
Batting: RHB Tony Cabrera
|
0-0: SOLO HOME RUN (Flyball, 7D, EV 100.0 MPH), Distance : 389 ft
|
Batting: LHB Mitsujiro Tanaka
|
0-0: Ball 1-0: Ground out U3 (Groundball, 3, EV 100.0 MPH)
|
Batting: LHB Diego Garcia
|
0-0: Called Strike 0-1: Foul Ball, location: 2F 0-2: Ball 1-2: Strikes out looking
|
Top of the 5th over - 1 run, 1 hit, 0 errors, 0 left on base; Danville 1 - Miami (APP) 12 |
BOTTOM OF THE 5TH |
Miami (APP) Marlins batting - Pitching for Danville Braves : RHP Tyler Duffy
|
Batting: RHB Terrell Smith
|
0-0: Ball 1-0: Called Strike 1-1: Foul Ball, location: 2F 1-2: Strikes out swinging
|
Batting: LHB Orlando Rivera
|
0-0: Ball 1-0: Ball 2-0: Called Strike 2-1: Called Strike 2-2: Foul Ball, location: 2F 2-2: Foul Ball, location: 2F 2-2: Foul Ball, location: 2F 2-2: Strikes out swinging
|
Batting: RHB Robbie Gomez
|
0-0: Ball 1-0: Ball 2-0: Called Strike 2-1: Ground out 1-3 (Groundball, 15, EV 65.0 MPH)
|
Bottom of the 5th over - 0 runs, 0 hits, 0 errors, 0 left on base; Danville 1 - Miami (APP) 12 |
TOP OF THE 6TH |
Danville Braves batting - Pitching for Miami (APP) Marlins : RHP Cesar Jimenez
|
Batting: RHB Rodolfo Cosme
|
0-0: Ball 1-0: Ball 2-0: Called Strike 2-1: Foul Ball, location: 2F 2-2: Ball 3-2: Strikes out swinging
|
Batting: RHB Richard Saquic
|
0-0: Swinging Strike 0-1: Ball 1-1: Fly out, F7 (Flyball, 7, EV 97.5 MPH)
|
Batting: RHB Manny Hensley
|
0-0: Ball 1-0: Ball 2-0: Ball 3-0: Called Strike 3-1: Base on Balls
|
Batting: LHB Ricardo Sandoval
|
0-0: Called Strike Manny Hensley is caught stealing 2nd base 2-6
|
Top of the 6th over - 0 runs, 0 hits, 0 errors, 0 left on base; Danville 1 - Miami (APP) 12 |
BOTTOM OF THE 6TH |
Miami (APP) Marlins batting - Pitching for Danville Braves : RHP Tyler Duffy
|
Batting: LHB Dong-u Chang
|
0-0: Ball 1-0: Ball 2-0: Foul Ball, location: 2F 2-1: Foul Ball, location: 2F 2-2: Ground out 5-3 (Groundball, 56S, EV 86.9 MPH)
|
Batting: RHB Jason Thrash
|
0-0: Called Strike 0-1: Foul Ball, location: 2F 0-2: Foul Ball, location: 2F 0-2: SINGLE (Groundball, 6D, EV 106.2 MPH)
|
Batting: RHB George Boivin
|
0-0: Called Strike 0-1: Foul Ball, location: 2F 0-2: Fly out, F9 (Flyball, 9, EV 83.1 MPH)
|
Batting: SHB Greg Rivera
|
0-0: Ball 1-0: Ball 2-0: Called Strike 2-1: Foul Ball, location: 2F 2-2: Ground out U3 (Groundball, 3, EV 87.5 MPH)
|
Bottom of the 6th over - 0 runs, 1 hit, 0 errors, 1 left on base; Danville 1 - Miami (APP) 12 |
TOP OF THE 7TH |
Danville Braves batting - Pitching for Miami (APP) Marlins : RHP Cesar Jimenez
|
Batting: LHB Ricardo Sandoval
|
0-0: Foul Ball, location: 2F 0-1: Called Strike 0-2: Ball 1-2: Fly out, F9 (Flyball, 89S, EV 91.2 MPH)
|
Batting: RHB Chris Trites
|
0-0: Ball 1-0: Ground out 6-3 (Groundball, 6, EV 104.4 MPH)
|
Batting: SHB Karl Starnes
|
0-0: Ball 1-0: SINGLE (Groundball, 3D, EV 95.6 MPH)
|
Batting: RHB Tony Cabrera
|
0-0: Swinging Strike 0-1: Fly out, F8 (Flyball, 8LD, EV 90.6 MPH)
|
Top of the 7th over - 0 runs, 1 hit, 0 errors, 1 left on base; Danville 1 - Miami (APP) 12 |
BOTTOM OF THE 7TH |
Miami (APP) Marlins batting - Pitching for Danville Braves : RHP Tyler Duffy
|
Batting: RHB Axel Moltke
|
0-0: Ball 1-0: Called Strike 1-1: Swinging Strike 1-2: Ball 2-2: Foul Ball, location: 2F 2-2: Foul Ball, location: 2F 2-2: Foul Ball, location: 2F 2-2: Foul Ball, location: 2F 2-2: Ground out 1-3 (Groundball, P, EV 71.2 MPH)
|
Pitching: RHP Armando Padron
|
|
Batting: RHB Torquato Uso
|
0-0: Reached on error, E6 (Groundball, 6, EV 88.8 MPH)
|
Batting: RHB Terrell Smith
|
0-0: Ball 1-0: Ball 2-0: Ball 3-0: Called Strike 3-1: Base on Balls Torquato Uso to second
|
Batting: LHB Orlando Rivera
|
0-0: Called Strike 0-1: Ball 1-1: Foul Ball, location: 2F 1-2: Ball 2-2: DOUBLE (Line Drive, 9LS, EV 106.2 MPH) Torquato Uso scores Terrell Smith to third
|
Batting: RHB Robbie Gomez
|
0-0: Called Strike 0-1: Swinging Strike 0-2: Ball 1-2: Ball 2-2: Foul Ball, location: 2F 2-2: Foul Ball, location: 2F 2-2: Strikes out swinging
|
Batting: LHB Dong-u Chang
|
0-0: Foul Ball, location: 2F 0-1: Foul Ball, location: 2F 0-2: SINGLE (Groundball, 6MD, EV 95.6 MPH) Terrell Smith scores Orlando Rivera to third Runner from 3rd tries for Home, SAFE, throw by CF to home
|
Batting: RHB Jason Thrash
|
0-0: Called Strike 0-1: Ball 1-1: Ball 2-1: Foul Ball, location: 2F 2-2: Ball 3-2: SINGLE (Groundball, 56D, EV 103.8 MPH) Dong-u Chang to second Dong-u Chang to third
|
Batting: RHB George Boivin
|
0-0: Called Strike 0-1: Fly out, F7 (Flyball, 7LM, EV 75.6 MPH)
|
Bottom of the 7th over - 3 runs, 3 hits, 1 error, 2 left on base; Danville 1 - Miami (APP) 15 |
TOP OF THE 8TH |
Danville Braves batting - Pitching for Miami (APP) Marlins : RHP Cesar Jimenez
|
Batting: LHB Mitsujiro Tanaka
|
0-0: Ball 1-0: Called Strike 1-1: Foul Ball, location: 2F 1-2: Ball 2-2: Ball 3-2: Foul Ball, location: 2F 3-2: Ground out U3 (Groundball, 34, EV 85.0 MPH)
|
Pitching: RHP Felix Moreno
|
|
Batting: LHB Diego Garcia
|
0-0: Called Strike 0-1: Called Strike 0-2: Ball 1-2: Foul Ball, location: 2F 1-2: Ball 2-2: Foul Ball, location: 2F 2-2: Ground out 4-3 (Groundball, 4S, EV 82.5 MPH)
|
Batting: RHB Rodolfo Cosme
|
0-0: Fly out, F8 (Line Drive, 89D, EV 88.8 MPH)
|
Top of the 8th over - 0 runs, 0 hits, 0 errors, 0 left on base; Danville 1 - Miami (APP) 15 |
BOTTOM OF THE 8TH |
Miami (APP) Marlins batting - Pitching for Danville Braves : RHP Armando Padron
|
Batting: SHB Greg Rivera
|
0-0: Called Strike 0-1: Called Strike 0-2: Ball 1-2: Ball 2-2: Reached on error, E6 (Groundball, 6, EV 89.4 MPH)
|
Pitching: LHP Darius Brown
|
|
Batting: RHB Axel Moltke
|
0-0: Called Strike 0-1: SINGLE (Groundball, 4S, EV 68.1 MPH) (infield hit) Greg Rivera to second
|
Batting: RHB Torquato Uso
|
0-0: Ball 1-0: Called Strike 1-1: Fly out, F5 (Popup, 5S, EV 78.1 MPH)
|
Batting: RHB Terrell Smith
|
0-0: Fly out, F7 (Flyball, 78S, EV 81.9 MPH)
|
Batting: LHB Orlando Rivera
|
0-0: Swinging Strike 0-1: Swinging Strike 0-2: Foul Ball, location: 2F 0-2: Ball 1-2: Strikes out looking
|
Bottom of the 8th over - 0 runs, 1 hit, 1 error, 2 left on base; Danville 1 - Miami (APP) 15 |
TOP OF THE 9TH |
Danville Braves batting - Pitching for Miami (APP) Marlins : RHP Felix Moreno
|
Batting: RHB Richard Saquic
|
0-0: DOUBLE (Groundball, 5L, EV 105.0 MPH)
|
Pinch Hitting: RHB Roman Lauder
|
0-0: Swinging Strike 0-1: Foul Ball, location: 2F 0-2: Strikes out swinging
|
Batting: LHB Ricardo Sandoval
|
0-0: DOUBLE (Line Drive, 78M, EV 103.1 MPH) Richard Saquic scores
|
Batting: RHB Chris Trites
|
0-0: Ball 1-0: Foul Ball, location: 2F 1-1: Swinging Strike 1-2: Foul Ball, location: 2F 1-2: Strikes out swinging
|
Batting: SHB Karl Starnes
|
0-0: Ball 1-0: Ball 2-0: Swinging Strike 2-1: Foul Ball, location: 2F 2-2: Ground out 4-3 (Groundball, 4, EV 106.2 MPH)
|
Top of the 9th over - 1 run, 2 hits, 0 errors, 1 left on base; Danville 2 - Miami (APP) 15 |
|